 Dungeon Crawl Stone Soup version 0.23-a0-890-gc183402 (webtiles) character file.

Game seed: 15331887135268699704

2405 nikopol the Thaumaturge (level 9, -2/47 HPs)
             Began as a Deep Elf Fire Elementalist on Jan 28, 2019.
             Was a Believer of Vehumet.
             Slain by an orc knight
             ... wielding a +0 halberd
              (32 damage)
             ... in a bailey.
             The game lasted 00:29:26 (7039 turns).

nikopol the Thaumaturge (DEFE)                      Turns: 7039, Time: 00:29:26

Health: -2/47      AC:  4    Str:  5    XL:     9   Next: 23%
Magic:  5/24       EV: 14    Int: 24    God:    Vehumet [**....]
Gold:   144        SH:  0    Dex: 17    Spells: 11/26 levels left

rFire    . . .     SeeInvis .   D - +6 spear of Paegu {pierce, Dex+2}
rCold    . . .     Gourm    .   (no shield)
rNeg     . . .     Faith    .   a - +0 robe
rPois    .         Spirit   .   w - +0 helmet
rElec    .         Reflect  .   v - +0 cloak
rCorr    .         Harm     .   (no gloves)
MR       .....                  (no boots)
Stlth    +++.......             (no amulet)
HPRegen  0.15/turn              (no ring)
MPRegen  0.19/turn              (no ring)

@: no status effects
A: no striking features
a: Renounce Religion


You were in a bailey.
You worshipped Vehumet.
Vehumet was pleased with you.
You were not hungry.

You visited 1 branch of the dungeon, and saw 7 of its levels.
You also visited: Bailey.

You collected 287 gold pieces.
You spent 143 gold pieces at shops.

Inventory:

Hand Weapons
 h - a +1 dagger of flaming
 s - a +3 short sword
 D - the +6 spear of Paegu (weapon) {pierce, Dex+2}
   (You found it on level 6 of the Dungeon)

   It inflicts extra damage upon your enemies.
   It affects your dexterity (+2).
Armour
 a - a +0 robe (worn)
 v - a +0 cloak (worn)
 w - a +0 helmet (worn)
Magical Staves
 t - an uncursed staff of cold
Jewellery
 e - an uncursed ring of protection from fire {unknown}
Wands
 u - a wand of digging (4)
Scrolls
 f - 4 scrolls of teleportation
 i - a scroll of magic mapping
 q - a scroll of fear {unknown}
 r - a scroll of blinking {unknown}
 y - a scroll of identify
 A - a scroll of amnesia {unknown}
 B - a scroll of random uselessness {unknown}
 F - a scroll of enchant weapon {unknown}
Potions
 b - 2 potions of agility {unknown}
 d - a potion of berserk rage {unknown}
 j - 3 potions of haste
 k - 2 potions of lignification
 l - 3 potions of mutation
 m - 2 potions of flight
 n - 2 potions of invisibility {unknown}
 o - 9 potions of curing
 p - 8 potions of heal wounds
 x - 2 potions of might {unknown}
 z - a potion of brilliance {unknown}
 C - 2 potions of resistance {unknown}
 E - a potion of experience {unknown}
Comestibles
 c - 12 rations
 g - 3 chunks of flesh


   Skills:
 + Level 1.2 Fighting
 + Level 0.1 Polearms
 + Level 3.7 Dodging
 + Level 3.9 Stealth
 - Level 0.3 Unarmed Combat
 + Level 9.4 Spellcasting
 + Level 7.8 Conjurations
 + Level 7.7 Fire Magic


You had 11 spell levels left.
You knew the following spells:

 Your Spells              Type           Power        Failure   Level  Hunger
a - Flame Tongue          Conj/Fire      #####        1%          1    None
b - Throw Flame           Conj/Fire      #####.       1%          2    None
c - Conjure Flame         Conj/Fire      #####...     1%          3    None
d - Sticky Flame          Conj/Fire      #####...     2%          4    ##.....
e - Fireball              Conj/Fire      #####.....   6%          5    ####...

Your spell library contained the following spells:

 Spells                   Type           Power        Failure   Level  Hunger
 Stone Arrow              Conj/Erth      ####..       3%          3    None
 Inner Flame              Hex/Fire       ####....     3%          3    None


Dungeon Overview and Level Annotations

Branches:
Dungeon (7/15)             Temple (0/1) D:5

Altars:
Cheibriados
Dithmenos
Elyvilon
Fedhas
Hepliaklqana
Makhleb
Vehumet
Yredelemnul
The Shining One

Shops:
D:6 !

Annotations:
D:4 Megalobster's ghost, novice HOFi
D:5 1 runed translucent door


Message History

Aim: an orc knight, wielding a +0 glaive and wearing a +0 plate armour (heavily wounded, unusually strong)
The flame tongue hits the orc knight.
The orc knight is severely wounded.
The orc knight is engulfed in blazing flames.
The orc knight barely misses you.
The orc knight hits you from afar with a +0 glaive!
Casting: Flame Tongue (safe; 1% risk of failure)
Confirm with . or Enter, or press ? or * to list all spells.
Aiming: Sticky Flame (safe; 2% risk of failure)
Press: ? - help, Shift-Dir - straight line, f - orc knight, p - orc knight
Aim: an orc knight, wielding a +0 halberd and wearing a +0 scale mail (flame, lightly wounded, unusually strong)
The sticky flame hits the orc knight.
The orc knight is moderately wounded.
The orc knight is covered in liquid flames!
The orc knight no longer looks unusually strong.
The orc knight burns!
The orc knight is engulfed in blazing flames.
The orc knight hits you with a +0 halberd!!
Ouch! That really hurt!
You die...

############ #######
#.∩..).....## ##.....#########
.....)......######.......#.....#.
....).).....#....#...).).'.....'.
∩..).)......'...@oo))))).'.....'.
..))..).....#....#..)))..'.....'.
...)........######.......#.....#o
#.∩........## ##.....#########
############ #######


You could see 2 orc knights.

Vanquished Creatures
  Prince Ribbit (D:7)
  Sigmund (D:3)
  6 orc warriors
  A sky beast (D:5)
  3 ogres
  2 bullfrogs (D:6)
  A water moccasin skeleton (D:6)
  2 scorpions
  A howler monkey (D:5)
  2 hounds
  A jelly (D:7)
  4 orc wizards
  Crazy Yiuf (D:4)
  2 bullfrog skeletons
  An orc priest (D:3)
  3 iguanas
  Natasha (thrice) (D:2)
  A hound skeleton (D:4)
  A worker ant zombie (D:6)
  14 adders
  A river rat (D:5)
  2 shadow imps (D:5)
  3 oozes
  A worm (D:3)
  2 dart slugs
  5 leopard geckos
  41 orcs
  4 giant cockroaches
  14 goblins
  7 hobgoblins
  8 jackals
  3 quokkas
  2 ball pythons
  6 bats
  8 frilled lizards
  A giant cockroach zombie (D:5)
  7 kobolds
  A leopard gecko skeleton (D:4)
  A leopard gecko zombie (D:5)
  A quokka skeleton (D:4)
  14 rats
183 creatures vanquished.

Notes
Turn   | Place    | Note
-------+----------+-------------------------------------------
     0 | D:1      | nikopol the Deep Elf Fire Elementalist began the quest for
                  | the Orb.
     0 | D:1      | Reached XP level 1. HP: 10/10 MP: 6/6
    50 | D:1      | Reached XP level 2. HP: 15/15 MP: 1/8
   562 | D:1      | Reached XP level 3. HP: 19/19 MP: 6/9
   762 | D:2      | Learned a level 2 spell: Throw Flame
   766 | D:2      | Learned a level 3 spell: Conjure Flame
   879 | D:2      | Noticed Natasha
   883 | D:2      | Killed Natasha
   902 | D:2      | Reached XP level 4. HP: 19/24 MP: 3/11
  1256 | D:2      | Noticed Natasha
  1263 | D:2      | Killed Natasha
  1263 | D:2      | Reached skill level 4 in Spellcasting
  1735 | D:2      | Reached XP level 5. HP: 24/28 MP: 5/13
  1856 | D:2      | Found a hazy altar of Hepliaklqana.
  1974 | D:2      | Noticed Natasha
  2080 | D:2      | Killed Natasha
  2080 | D:2      | Reached skill level 5 in Fire Magic
  2405 | D:3      | Learned a level 4 spell: Sticky Flame
  2560 | D:3      | Reached skill level 5 in Spellcasting
  2661 | D:3      | Reached XP level 6. HP: 32/32 MP: 4/15
  2851 | D:3      | Noticed Sigmund
  2862 | D:3      | Killed Sigmund
  3033 | D:3      | Found a glowing golden altar of the Shining One.
  3033 | D:3      | Found a shadowy altar of Dithmenos.
  3063 | D:3      | Reached skill level 6 in Spellcasting
  3063 | D:3      | Reached XP level 7. HP: 33/36 MP: 7/18
  3070 | D:3      | Learned a level 5 spell: Fireball
  3536 | D:4      | Found a snail-covered altar of Cheibriados.
  3720 | D:4      | Found a runed translucent door.
  3721 | D:4      | Noticed Crazy Yiuf
  3728 | D:4      | Killed Crazy Yiuf
  3816 | D:4      | Found a radiant altar of Vehumet.
  3817 | D:4      | Found a burning altar of Makhleb.
  3878 | D:4      | Became a worshipper of Vehumet
  4069 | D:5      | Entered Level 5 of the Dungeon
  4215 | D:5      | Found a shadowy altar of Dithmenos.
  4228 | D:5      | Reached skill level 5 in Conjurations
  4475 | D:5      | Reached skill level 7 in Spellcasting
  4572 | D:5      | Found a runed translucent door.
  4609 | D:5      | Reached skill level 1 in Fighting
  4609 | D:5      | Reached XP level 8. HP: 36/43 MP: 14/20
  4767 | D:5      | Found a staircase to the Ecumenical Temple.
  4804 | D:5      | Found a runed translucent door.
  4804 | D:5      | Noticed Megalobster's ghost (novice HOFi)
  4887 | D:5      | Reached * piety under Vehumet
  4887 | D:5      | Offered knowledge of Magic Dart by Vehumet.
  4969 | D:5      | Found a blossoming altar of Fedhas.
  5494 | D:6      | Found a white marble altar of Elyvilon.
  5553 | D:6      | Found a basalt altar of Yredelemnul.
  5810 | D:6      | Reached skill level 8 in Spellcasting
  6046 | D:6      | Got a bloodstained spear
  6047 | D:6      | Identified the +6 spear of Paegu {pierce, Dex+2} (You found
                  | it on level 6 of the Dungeon)
  6508 | D:6      | Found Touhy's Distillery.
  6514 | D:6      | Bought a potion of heal wounds for 55 gold pieces
  6514 | D:6      | Bought a potion of curing for 33 gold pieces
  6514 | D:6      | Bought a potion of heal wounds for 55 gold pieces
  6583 | D:7      | Offered knowledge of Searing Ray by Vehumet.
  6669 | D:7      | Noticed Prince Ribbit
  6677 | D:7      | Killed Prince Ribbit
  6677 | D:7      | Reached ** piety under Vehumet
  6677 | D:7      | Reached XP level 9. HP: 47/47 MP: 19/23
  6688 | D:7      | Found a flagged portal.
  6700 | Bailey   | Entered a bailey
  6755 | Bailey   | Reached skill level 9 in Spellcasting
  6859 | Bailey   | Offered knowledge of Stone Arrow by Vehumet.
  7019 | Bailey   | Noticed an orc knight
  7021 | Bailey   | Noticed an orc knight
  7039 | Bailey   | Slain by an orc knight

Vault maps used:
D:1:      minmay_arrival_checkered_box
D:2:      kb_forest_paths, marbit_many_paths, uniq_natasha
D:3:      chequers_temple_overflow_statue_of_worship, uniq_sigmund
D:4:      grunt_temple_overflow_lords_of_destruction, old_standard_altar,
          first_ration, uniq_crazy_yiuf_cottage
D:5:      kennysheep_mini_moat, minmay_temple_entry_sparse_star,
          ebering_ghost_sewer_f, serial_bayou_lagoon_a, minivault_23,
          nicolae_dithmenos_shadow_blocks
D:6:      kennysheep_ying_yang, serial_shops, nicolae_shop_window_shopping
D:7:      serial_shops, shop, enter_bailey_3, uniq_prince_ribbit1
Bailey:   bailey_polearm_5, bailey

Skill      XL: |  1  2  3  4  5  6  7  8  9 |
---------------+----------------------------+-----
Fire Magic     | 4 5 6 7 |  7.7
Spellcasting   | 4 5 6 7 8 9 |  9.4
Conjurations   | 2 3 4 5 7 |  7.8
Stealth        | 3 |  3.9
Dodging        | 3 |  3.7
Fighting       | 1 |  1.2
Polearms       | |  0.1
Unarmed Combat | |  0.3

Action                   |  1- 3 |  4- 6 |  7- 9 || total
-------------------------+-------+-------+-------++-------
Melee: Unarmed           |     1 |     5 |       ||     6
       Short sword       |       |       |    48 ||    48
       Spear             |       |       |     6 ||     6
 Cast: Flame Tongue      |    46 |   111 |   138 ||   295
       Throw Flame       |       |     4 |    14 ||    18
       Sticky Flame      |       |     1 |    19 ||    20
       Conjure Flame     |       |     1 |     4 ||     5
       Fireball          |       |       |    17 ||    17
  Use: Scroll            |       |       |     9 ||     9
       Potion            |       |       |     1 ||     1
  Eat: Chunk             |       |     7 |    13 ||    20
       Ration            |       |       |     1 ||     1
Armor: Robe              |     4 |       |    12 ||    16
       Skin              |       |     1 |       ||     1
Dodge: Dodged            |     6 |    14 |    35 ||    55

Table legend:
 A = Non-vault XP
 B = Vault XP
 C = Vault XP percentage of total XP
 D = Non-vault monster count
 E = Vault monster count
 F = Vault count percentage of total count
                 A         B        C        D         E       F
            +---------+---------+-------+---------+---------+-------
      Total |    2216 |    1221 |  35.5 |     136 |      47 |  25.7
            +---------+---------+-------+---------+---------+-------
        D:1 |      44 |       0 |   0.0 |      21 |       0 |   0.0
        D:2 |     158 |      69 |  30.4 |      29 |       8 |  21.6
        D:3 |     313 |     223 |  41.6 |      33 |       1 |   2.9
        D:4 |     197 |      41 |  17.2 |       7 |       1 |  12.5
        D:5 |     558 |      15 |   2.6 |      23 |       3 |  11.5
        D:6 |     793 |       0 |   0.0 |      20 |       0 |   0.0
        D:7 |     153 |     276 |  64.3 |       3 |       5 |  62.5
     Bailey |       0 |     597 | 100.0 |       0 |      29 | 100.0
            +---------+---------+-------+---------+---------+-------
